 Dungeon Crawl Stone Soup version 0.24-a0-355-gbe4061de67 (webtiles) character file.

Game seed: 1706119675829540489

35 MisterOstroum the Skirmisher (level 3, -6/29 HPs)
             Began as a Demonspawn Monk on May 24, 2019.
             Mangled by a worm (9 damage)
             ... on level 2 of the Dungeon.
             The game lasted 00:01:48 (1306 turns).

MisterOstroum the Skirmisher (Demonspawn Monk)      Turns: 1306, Time: 00:01:48

Health: -6/29      AC:  2    Str: 12    XL:     3   Next: 17%
Magic:  3/3        EV: 13    Int: 11    God:
Gold:   37         SH:  3    Dex: 15    Spells: 2/2 levels left

rFire    . . .     SeeInvis .   a - +0 falchion
rCold    . . .     Gourm    .   (no shield)
rNeg     . . .     Faith    .   b - +0 robe
rPois    .         Spirit   .   (helmet restricted)
rElec    .         Reflect  +   (no cloak)
rCorr    .         Harm     .   (no gloves)
MR       .....                  (no boots)
Stlth    ++........             d - +3 amulet of reflection
HPRegen  0.09/turn              (no ring)
MPRegen  0.08/turn              (no ring)

@: no status effects
A: antennae 1
a: no special abilities


You were on level 2 of the Dungeon.
You were not hungry.

You visited 1 branch of the dungeon, and saw 2 of its levels.

You collected 37 gold pieces.

Inventory:

Hand Weapons
 a - a +0 falchion (weapon)
Missiles
 c - 21 stones (quivered)
Armour
 b - a +0 robe (worn)
Jewellery
 d - a +3 amulet of reflection (around neck)
Scrolls
 g - a scroll of remove curse {unknown}
 h - a scroll of enchant armour {unknown}
 j - a scroll of teleportation {unknown}
Potions
 f - 2 potions of flight {unknown}
Comestibles
 e - 3 rations


   Skills:
 + Level 3.5 Fighting
 - Level 2.8 Long Blades
 * Level 1.9 Throwing
 - Level 2.6 Dodging
 - Level 1.7 Stealth


You had 2 spell levels left.
You didn't know any spells.
Your spell library was empty.

Dungeon Overview and Level Annotations

Branches:
Dungeon (2/15)

Altars:


Innate Abilities, Weirdness & Mutations

You have a pair of small antennae on your head.


Message History

You hit the bat but do no damage. The bat barely misses you.
Throwing (i - inventory)
c - 22 stones (quivered)
Press: ? - help, Shift-Dir - straight line, f/p - worm
Aim: a worm You throw a stone.
The stone hits the worm.
The worm is lightly wounded.
The bat misses you. The bat barely misses you.
You riposte.
You hit the bat.
You kill the bat!
You climb upwards.
There is a stone staircase leading down here.
No target in view!
No target in view!
You climb downwards.
The worm barely misses you. x2; You riposte.
You barely miss the worm.
There is a stone staircase leading up here.
You hit the worm but do no damage. The worm bites you! x2
You are too injured to fight recklessly!
You are too injured to fight recklessly!
You are too injured to fight recklessly!
You are too injured to fight recklessly!
You are too injured to fight recklessly!
You are too injured to fight recklessly!
You are too injured to fight recklessly!
You are too injured to fight recklessly!
You are too injured to fight recklessly!
You are too injured to fight recklessly!
You are too injured to fight recklessly!
You are too injured to fight recklessly!
You are too injured to fight recklessly!
You are too injured to fight recklessly!
You are too injured to fight recklessly!
There is a stone staircase leading up here.
A worm comes into view.
A kobold comes into view.
A jackal comes into view.
The jackal barks!
You hear a shout!
You hear a bark!
A jackal comes into view.
The jackal bites you but does no damage.
You hear a shout!
A jackal comes into view.
The jackal barks!
A kobold comes into view.
You hit the jackal.
You kill the jackal!
The jackal bites you but does no damage.
The jackal closely misses you. x2; You riposte.
You hit the jackal but do no damage. The jackal completely misses you.
The jackal closely misses you.
You hit the jackal.
The jackal is moderately wounded.
The jackal completely misses you.
You riposte.
You closely miss the jackal.
The jackal is moderately wounded.
You block the jackal's attack.
You completely miss the jackal.
The jackal is moderately wounded.
An adder comes into view.
The jackal barely misses you.
The adder hisses angrily.
You hit the jackal.
The jackal is almost dead.
The jackal bites you.
* * * LOW HITPOINT WARNING * * *
The jackal closely misses you.
You hit the jackal but do no damage.
The jackal is almost dead.
The jackal closely misses you.
You closely miss the jackal.
The jackal is almost dead.
You block the jackal's attack.
The jackal stops to sniff the ground.
The jackal barely misses you.
You hit the jackal.
You kill the jackal!
The adder bites you.
* * * LOW HITPOINT WARNING * * *
The adder barely misses you.
You riposte.
You miss the adder. The jackal barely misses you.
You closely miss the jackal. The jackal barely misses you.
The adder misses you.
You hit the jackal.
The jackal is almost dead.
The jackal closely misses you.
You riposte.
You hit the jackal.
You kill the jackal!
The adder barely misses you. The kobold barely misses you. The adder bites you.
* * * LOW HITPOINT WARNING * * *
You hit the kobold.
The kobold is heavily wounded.
The adder closely misses you. The kobold hits you.
* * * LOW HITPOINT WARNING * * *
You hit the kobold.
You kill the kobold!
The adder barely misses you.
You riposte.
You miss the adder.
The kobold throws a stone.
The stone closely misses you.
The stone hits the adder.
The adder closely misses you. The kobold hits you.
* * * LOW HITPOINT WARNING * * *
The worm bites you!
You die...

##... .. #.# ...... ..#
#.#.#.#
##.###.#.###.#.#.# #.
.#.........# #. ...
....#.# ##.# #.# #.#K#.#
....####.###.#.#(#
#......(..w.#.#S#
##......w.w.w..#@######.#
.....<(..#####.#Kw.......
....<....# #..w.......#
########## ############


You could see 2 worms, an adder and a kobold.

Vanquished Creatures
  An adder (D:2)
  A dart slug (D:2)
  A giant cockroach (D:1)
  A goblin (D:1)
  3 hobgoblins (D:1)
  3 jackals (D:2)
  4 kobolds
  2 bats (D:2)
  3 frilled lizards (D:1)
  6 rats (D:1)
25 creatures vanquished.

Notes
Turn   | Place    | Note
-------+----------+-------------------------------------------
     0 | D:1      | MisterOstroum the Demonspawn Monk began the quest for the
                  | Orb.
     0 | D:1      | Reached XP level 1. HP: 18/18 MP: 1/1
   296 | D:1      | Gained mutation: You have a pair of small antennae on your
                  | head. [demonic ancestry]
   296 | D:1      | Reached XP level 2. HP: 24/24 MP: 2/2
   377 | D:1      | Reached skill level 1 in Throwing
  1022 | D:2      | Reached XP level 3. HP: 9/29 MP: 3/3
  1306 | D:2      | Mangled by a worm

Levels and vault maps discovered:
D:1:      erik_arrival_blinker_ship, layout_basic
D:2:      layout_loops_ring

Skill      XL: |  1  2 |
---------------+-------+-----
Throwing       | 1 |  1.9
Fighting       | |  3.5
Long Blades    | |  2.8
Dodging        | |  2.6
Stealth        | |  1.7

Action                   || total
-------------------------++-------
Melee: Falchion          ||    65
Throw: Stone             ||    71
  Eat: Chunk             ||     1
Armor: Robe              ||     5
Dodge: Dodged            ||    54
Block: Other             ||     4
       Rpst.: Falchion   ||    18

Table legend:
 A = Non-vault XP
 B = Vault XP
 C = Vault XP percentage of total XP
 D = Non-vault monster count
 E = Vault monster count
 F = Vault count percentage of total count
                 A         B        C        D         E       F
            +---------+---------+-------+---------+---------+-------
      Total |      51 |       0 |   0.0 |      25 |       0 |   0.0
            +---------+---------+-------+---------+---------+-------
        D:1 |      24 |       0 |   0.0 |      17 |       0 |   0.0
        D:2 |      27 |       0 |   0.0 |       8 |       0 |   0.0
            +---------+---------+-------+---------+---------+-------
